 Dungeon Crawl Stone Soup version 0.31-a0-1227-g0136665373 (webtiles) character file.

Game seed: 4655454188724950305

1386 bmb222 the Ruffian (level 8, -11/50 HPs)
             Began as an Octopode Shapeshifter on Dec 14, 2023.
             Was an Initiate of Gozag.
             Mangled by an orc warrior
             ... wielding a +0 glaive
              (15 damage)
             ... on level 6 of the Dungeon.
             The game lasted 00:07:02 (5284 turns).

bmb222 the Ruffian (Octopode Shapeshifter)          Turns: 5284, Time: 00:07:03

Health: -11/50     AC:  1    Str: 15    XL:     8   Next: 67%
Magic:  8/8        EV: 14    Int: 13    God:    Gozag
Gold:   345        SH:  0    Dex: 17    Spells: 7/7 levels left

rFire   . .          .
                       - Unarmed
rCold   . . .        (no shield)
rNeg    . . .        (helmet currently unavailable)
rPois   .            (no amulet)
rElec   .            s - ring of willpower
rCorr   .            g - +6 ring of dexterity
SInv    .            (no ring)
Will    +....        (no ring)
Stlth   +++++        (no ring)
HPRegen 0.28/turn    (no ring)
MPRegen 0.11/turn    (no ring)
                     (no ring)

%: no passive effects
@: beast-form
A: beast (slay +2), almost no armour, amphibious, 8 rings, camouflage 1,
gelatinous body 1, (nimble swimmer 1), tentacles
a: Begin Untransformation, Renounce Religion, Potion Petition, Call Merchant,
Bribe Branch


You were on level 6 of the Dungeon.
You worshipped Gozag.
Gozag was aware of your devotion.
You were a hulking beast.
You visited 2 branches of the dungeon, and saw 7 of its levels.

You collected 438 gold pieces.
You paid 93 gold pieces to Gozag.

Inventory:

Missiles
 v - 3 poisoned darts (quivered)
Armour
 u - an orb of wrath
Jewellery
 g - a +6 ring of dexterity (right tentacle)
 s - a ring of willpower (left tentacle)
Talismans
 b - a beast talisman
 c - a flux talisman
Wands
 t - a wand of roots (5)
Scrolls
 a - a scroll of revelation
 e - 4 scrolls of amnesia
 i - 2 scrolls of noise
 l - 3 scrolls of teleportation
 n - a scroll of fog
Potions
 d - 2 potions of degeneration
 f - 3 potions of might
 j - a potion of enlightenment
 k - a potion of mutation
 m - a potion of attraction {unknown}
 o - 2 potions of ambrosia {unknown}
 p - 3 potions of cancellation
 q - a potion of brilliance


   Skills:
 + Level 2.2 Fighting
 + Level 1.0 Throwing
 + Level 3.3 Dodging
 - Level 7.0 Stealth
 + Level 7.7 Unarmed Combat
 + Level 0.5 Evocations
 * Level 4.7 Shapeshifting


You had 7 spell levels left.
You didn't know any spells.
Your spell library contained the following spells:

 Spells                   Type           Power      Damage    Failure   Level
 Lesser Beckoning         Tloc           0%         N/A       43%         2
 Gell's Gravitas          Tloc           0%         N/A       67%         3
 Hailstorm                Conj/Ice       0%         3d5       67%         3
 Teleport Other           Tloc           0%         N/A       67%         3
 Manifold Assault         Tloc           0%         N/A       97%         4
 Passage of Golubria      Tloc           0%         N/A       97%         4
 Silence                  Hex/Air        0%         N/A       100%        5
 Lehudib's Crystal Spear  Conj/Erth      0%         10d2      100%        8


Dungeon Overview and Level Annotations

Branches:
Dungeon (6/15)             Temple (1/1) D:5

Altars:
Ashenzari
Cheibriados
Dithmenos
Fedhas
Gozag
Hepliaklqana
Kikubaaqudgha
Makhleb
Nemelex Xobeh
Okawaru
Sif Muna
Trog
Uskayaw
Vehumet
Wu Jian
Xom
Yredelemnul
Zin
The Shining One

Shops:
D:2 (   D:3 :   D:4 (

Annotations:
D:3 2 transporters, ytrimaz's ghost, amateur GrEE


Innate Abilities, Weirdness & Mutations

You are a hulking beast.
Your limbs bulge with bestial killing power. (Slay +2)
You cannot wear most types of armour.
You are amphibious.
You can wear up to eight rings at the same time.
Your skin changes colour to match your surroundings (Stealth+).
Your rubbery body absorbs attacks. (AC +1, EV +1)
((You are camouflaged when in or above water. (Stealth+)))
You have tentacles for arms and can constrict up to eight enemies at once.


Message History

You tentacle-slap the orc warrior but do no damage.
Your grab misses the orc warrior.
You tentacle-slap the orc warrior, but do no damage.
You squeeze the orc warrior, but do no damage.
The orc warrior barely misses you.
You bludgeon the orc warrior! Your grab misses the orc warrior.
You tentacle-slap the orc warrior, but do no damage.
The orc warrior is moderately wounded.
The orc warrior barely misses you.
You tentacle-slap the orc warrior but do no damage.
Your grab misses the orc warrior.
You tentacle-slap the orc warrior, but do no damage.
You squeeze the orc warrior!
The orc warrior is severely wounded.
You completely miss the orc warrior. Your grab misses the orc warrior.
You squeeze the orc warrior, but do no damage.
The orc warrior is severely wounded.
The orc warrior barely misses you.
You closely miss the orc warrior. Your grab misses the orc warrior.
The orc warrior is severely wounded.
The orc warrior hits you with a +0 glaive!
You tentacle-slap the orc warrior. Your grab misses the orc warrior.
The orc warrior is almost dead.
The orc warrior hits you with a +0 glaive!
You tentacle-slap the orc warrior. Your grab misses the orc warrior.
The orc warrior is almost dead.
The orc hits you with a +0 short sword. The orc warrior closely misses you.
You tentacle-slap the orc warrior but do no damage.
Your grab misses the orc warrior.
The orc warrior is almost dead.
The orc hits you with a +0 short sword.
The orc warrior hits you with a +0 glaive!
* * * LOW HITPOINT WARNING * * *
Unknown command.
You closely miss the orc warrior. You grab the orc warrior.
The orc warrior is almost dead.
You constrict the orc warrior. The orc hits you but does no damage.
The orc warrior hits you with a +0 glaive!
You die...
Your body crumbles into a pile of gold.

#...##...##......#######
#..##.#####......# ##.##.#
##.#...# ####.....## ###.<.#
###..#...#..$..# #...#
...........##.# #...#####
#.#####.#.##.# #...#...##
#.......#.##.#######...#...##
#.#...#.#.##h....?...........
#.#._.#.#..oo................
#.#...#.#.#..................
#.....!.#...#.######...#.$.##
#.#####.#.....# ##...#...##
#..$.........#### #......####
##..####.##..# #....#.####
oo.## #.##..# #........##
#......#.....# #..........


You could see an orc warrior and an orc.

Vanquished Creatures
  Sigmund (D:4)
  An ice beast (D:6)
  2 phantoms (D:5)
  A gnoll sergeant (D:3)
  5 scorpions
  A howler monkey (D:4)
  2 hounds
  2 jellies
  2 orc priests (D:5)
  A gnoll bouda (D:5)
  An orc wizard (D:4)
  3 iguanas (D:5)
  10 gnolls
  8 adders
  A shadow imp (D:5)
  4 ufetubi
  4 worms
  A dart slug (D:4)
  8 orcs
  5 ball pythons
  3 endoplasms
  3 giant cockroaches
  10 goblins
  10 hobgoblins
  3 jackals (D:1)
  3 quokkas
  8 bats
  5 frilled lizards
  6 kobolds
  5 rats
119 creatures vanquished.

Notes
Turn   | Place    | Note
-------+----------+-------------------------------------------
     0 | D:1      | bmb222 the Octopode Shapeshifter began the quest for the
                  | Orb.
     0 | D:1      | Reached XP level 1. HP: 13/13 MP: 1/1
   139 | D:1      | Reached XP level 2. HP: 18/18 MP: 2/2
   672 | D:1      | Found a faded altar of an unknown god.
   716 | D:2      | Found Punor's Weapon Boutique.
   722 | D:2      | Reached XP level 3. HP: 23/23 MP: 3/3
   978 | D:2      | Reached skill level 1 in Stealth
   983 | D:2      | Reached XP level 4. HP: 28/28 MP: 4/4
  1515 | D:3      | Found an ornate altar of the Wu Jian Council.
  1559 | D:3      | Found a transporter.
  1563 | D:3      | Noticed ytrimaz's ghost (amateur GrEE)
  1642 | D:3      | Found a transporter.
  1678 | D:3      | Found a shimmering blue altar of Sif Muna.
  1722 | D:3      | Found Huvorhal's Book Emporium.
  2066 | D:4      | Noticed a gnoll sergeant
  2066 | D:4      | Found Viuvuef's Weapon Shoppe.
  2075 | D:3      | HP: 2/42 [gnoll sergeant/+0 spear (7)]
  2076 | D:3      | Killed a gnoll sergeant
  2077 | D:3      | Reached XP level 5. HP: 2/33 MP: 5/5
  2315 | D:4      | Noticed Sigmund
  2510 | D:4      | Killed Sigmund
  2511 | D:4      | Reached skill level 5 in Stealth
  2511 | D:4      | Reached skill level 5 in Unarmed Combat
  2511 | D:4      | Reached XP level 6. HP: 25/38 MP: 6/6
  2612 | D:4      | Reached XP level 7. HP: 31/43 MP: 7/7
  2625 | D:4      | Found a hide-covered altar of Uskayaw.
  2941 | D:4      | Found a glowing silver altar of Zin.
  2941 | D:4      | Noticed an angel
  3149 | D:5      | Entered Level 5 of the Dungeon
  3387 | D:5      | Got the Dissertation on the Jaunt and the Serac
  3599 | D:5      | Found a staircase to the Ecumenical Temple.
  3604 | Temple   | Entered the Ecumenical Temple
  3651 | Temple   | Became a worshipper of Gozag Ym Sagoz the Greedy
  3778 | D:5      | Reached XP level 8. HP: 4/50 MP: 8/8
  4133 | D:5      | Found a broken altar of Ashenzari.
  4593 | D:5      | Reached skill level 1 in Throwing
  4898 | D:6      | Found a shadowy altar of Dithmenos.
  5115 | D:6      | Found an iron altar of Okawaru.
  5284 | D:6      | Mangled by an orc warrior

Illustrated notes

Levels and vault maps discovered:
D:1:      dpeg_arrival_morbid_curiosity, layout_basic,
          shapermc_ecumenical_altar_mp_vishouse, minmay_misc_feat_nine_boxes,
          minmay_misc_feat_square
D:2:      minmay_evil_eye, layout_rooms, serial_shops,
          nicolae_shop_tiny_real_fake_doors
D:3:      layout_basic, nicolae_wu_jian_wuxing_cycle, lemuel_tele_altar,
          serial_shops, nicolae_book_shop_shelving, gammafunk_ghost_arena,
          amcnicky_mini_rare_corridor_liquid
D:4:      layout_rooms, nicolae_uskayaw_murder_on_the_dancefloor, zin_angel,
          serial_shops, shop, bh_walls_and_bars, uniq_sigmund
D:5:      layout_basic, nicolae_ashenzari_skybound,
          minmay_temple_entry_nine_rooms
D:6:      layout_loops_cross, okawaru_gym_becter,
          mainiacjoe_overflow_cross_hatched, nicolae_half_adder
Temple:   nicolae_temple_bog_church

Skill      XL: |  1  2  3  4  5  6  7  8 |
---------------+-------------------------+-----
Stealth        | 1 3 5 7 |  7.0
Unarmed Combat | 4 5 6 7 |  7.7
Shapeshifting  | 4 |  4.7
Fighting       | 2 |  2.2
Dodging        | 3 |  3.3
Throwing       | 1 |  1.0
Evocations     | |  0.5

Action                     |  1- 3 |  4- 6 |  7- 9 || total
---------------------------+-------+-------+-------++-------
  Melee: Unarmed           |    57 |    78 |   120 ||   255
         Constrict         |    18 |    19 |    25 ||    62
         Tentacles         |     7 |    13 |    32 ||    52
         Punch             |     2 |     5 |     7 ||    14
  Throw: Dart              |       |       |     6 ||     6
  Evoke: Wand              |       |       |     3 ||     3
    Use: Potion            |       |     1 |       ||     1
         Scroll            |       |    10 |     5 ||    15
   Stab: Sleeping          |     8 |     7 |    16 ||    31
         Distracted        |       |       |     1 ||     1
 Armour: Skin              |    10 |    30 |    52 ||    92
  Dodge: Dodged            |    28 |    43 |    59 ||   130

Table legend: (Time is in decaauts)
 A = Elapsed time spent in this place.
 B = Non-inter-level travel time spent in this place.
 C = Inter-level travel time spent in this place.
 D = Time resting spent in this place.
 E = Time spent auto-exploring this place.
 F = Levels seen in this place.
 G = Mean time per level.
                   A        B        C        D        E       F      G
               +--------+--------+--------+--------+--------+-----+--------+
         Total |   5262 |   4853 |    409 |   1003 |   2912 |   7 |  751.7 |
       Dungeon |   5208 |   4805 |    403 |   1003 |   2912 |   6 |  868.0 |
        Temple |     53 |     47 |      6 |      0 |      0 |   1 |   53.0 |
               +--------+--------+--------+--------+--------+-----+--------+

Top non-repeatable levels by time:
     D:5: 1431 daAuts
     D:3: 1129 daAuts
     D:4: 714 daAuts
     D:1: 709 daAuts
     D:2: 635 daAuts
     D:6: 589 daAuts
  Temple: 53 daAuts
